 Dungeon Crawl Stone Soup version 0.22-a0-248-gc8378ba (webtiles) character file.

175703 dududu the Severer (level 17, -1/164 HPs)
             Began as a Deep Dwarf Fighter on Feb 26, 2018.
             Was the Champion of Makhleb.
             Slain by the 27-headed Lernaean hydra (6 damage)
             ... on level 4 of the Swamp on Feb 28, 2018.
             The game lasted 01:31:52 (11608 turns).

dududu the Severer (Deep Dwarf Fighter)            Turns: 11608, Time: 01:31:58

Health: -1/164     AC: 21    Str: 33    XL:     17   Next: 48%
Magic:  22/22      EV: 20    Int: 12    God:    Makhleb [******]
Gold:   2185       SH: 16    Dex: 18    Spells: 16/16 levels left

rFire    + . .     SeeInvis +   a - +6 broad axe (elec)
rCold    + + .     Gourm    .   c - +0 shield
rNeg     + . .     Faith    .   t - +0 swamp dragon scales
rPois    +         Spirit   .   C - +2 hat {SInv}
rElec    .         Reflect  .   S - scarf {rC+ rF+}
rCorr    .         Harm     .   L - +2 pair of gloves
MR       ++...                  d - +2 pair of boots
Stlth    ++........             m - amulet "Mitouron" {Regen+ Str+3}
HPRegen  0.00/turn              w - +5 ring of slaying
MPRegen  0.18/turn              T - ring of protection from cold

@: mighty, agile, lethally poisoned (-1 -> -1), non-regenerating, hasted,
studying Shields, invisible, very quick
A: damage resistance, heal wounds, talons 1, clever 1, negative energy
resistance 1, sense surroundings 2, no regeneration
a: Heal Wounds, Minor Destruction, Lesser Servant of Makhleb, Major Destruction,
Greater Servant of Makhleb, Renounce Religion


You were on level 4 of the Swamp.
You worshipped Makhleb.
Makhleb was exalted by your worship.
You were not hungry.

You visited 5 branches of the dungeon, and saw 28 of its levels.
You also visited: Bailey, Ice Cave and Volcano.

You collected 2804 gold pieces.
You spent 619 gold pieces at shops.

Inventory:

Hand Weapons
 a - a +6 broad axe of electrocution (weapon)
 b - a +0 blowgun
 J - a +4 battleaxe of flaming
 W - a +1 scimitar of flaming
Missiles
 l - 7 curare-tipped needles
 D - 2 throwing nets (quivered)
Armour
 c - a +0 shield (worn)
 d - a +2 pair of boots (worn)
 p - a +2 helmet
 t - +0 swamp dragon scales (worn)
 B - a +1 plate armour of magic resistance
 C - a +2 hat of see invisible (worn)
 L - a +2 pair of gloves (worn)
 S - a scarf of resistance (worn)
 X - a +2 cloak
Jewellery
 m - the amulet "Mitouron" (around neck) {Regen+ Str+3}
   (You found it on level 5 of the Lair of Beasts)

   [amulet of regeneration]

   It affects your strength (+3).
   It increases your rate of regeneration.
 w - a +5 ring of slaying (left hand)
 N - an uncursed ring of resist corrosion
 P - an uncursed amulet of magic regeneration
 T - a ring of protection from cold (right hand)
Wands
 i - a wand of scattershot (1)
 z - a wand of polymorph (9)
 G - a wand of flame (14)
 M - a wand of paralysis (16)
 O - a wand of disintegration (14)
Scrolls
 g - 6 scrolls of teleportation
 j - 4 scrolls of immolation
 o - 4 scrolls of fog
 q - 10 scrolls of remove curse
 v - a scroll of summoning
 y - 2 scrolls of magic mapping
 K - 3 scrolls of enchant armour
 R - a scroll of holy word
 U - 3 scrolls of vulnerability
 Z - 2 scrolls of blinking
Potions
 e - 2 potions of haste
 h - 9 potions of curing
 k - 2 potions of brilliance
 n - 3 potions of mutation
 r - 3 potions of magic
 s - 3 potions of agility
 u - 2 potions of lignification
 x - 5 potions of heal wounds
 A - a potion of invisibility
 E - a potion of resistance
 F - 2 potions of might
 I - a potion of ambrosia
 Y - 2 potions of cancellation
Books
 V - a manual of Shields
Miscellaneous
 H - a lamp of fire (inert)
Comestibles
 f - 24 rations
 Q - 3 chunks of flesh


   Skills:
 + Level 13.2 Fighting
 - Level 18.0 Axes
 + Level 15.3 Armour
 + Level 5.5 Dodging
 - Level 15.0 Shields
 - Level 14.0 Invocations
 + Level 6.7 Evocations


You had 16 spell levels left.
You didn't know any spells.

Dungeon Overview and Level Annotations

Branches:
Dungeon (15/15)            Temple (1/1) D:5            Lair (6/6) D:10
  Swamp (4/4) Lair:2       Spider (0/4) Lair:3        Slime (0/5) Lair:5
    Orc (2/2) D:11            Elf (0/3) Orc:2        Vaults (0/5) D:14
 Depths (0/5) D:15

Altars:
Ashenzari
Cheibriados
Dithmenos
Elyvilon
Fedhas
Gozag
Hepliaklqana
Kikubaaqudgha
Makhleb
Nemelex Xobeh
Sif Muna
Uskayaw
Vehumet
Wu Jian
Xom
Yredelemnul
Zin
The Shining One
Beogh

Shops:
D:12 [   Orc:2 *[(:%!

Annotations:
Swamp:4 Lernaean hydra


Innate Abilities, Weirdness & Mutations

You are resistant to damage.
You can heal yourself by infusing magical energy.
You resist negative energy. (rN+)
You passively map the area around you.
You do not regenerate.
You have sharp toenails.
Your mind is acute. (Int +2)


Message History

The 27-headed Lernaean hydra misses you.
The 27-headed Lernaean hydra bites you but does no damage.
You block the 27-headed Lernaean hydra's attack.
The 27-headed Lernaean hydra barely misses you.
The 27-headed Lernaean hydra misses you.
The 27-headed Lernaean hydra completely misses you.
The 27-headed Lernaean hydra bites you but does no damage.
The 27-headed Lernaean hydra completely misses you.
You block the 27-headed Lernaean hydra's attack.
The 27-headed Lernaean hydra completely misses you.
The 27-headed Lernaean hydra barely misses you.
The 27-headed Lernaean hydra completely misses you. x2
The 27-headed Lernaean hydra bites you but does no damage.
The 27-headed Lernaean hydra bites you!
* * * LOW HITPOINT WARNING * * *
The 27-headed Lernaean hydra completely misses you.
The 27-headed Lernaean hydra barely misses you.
The 27-headed Lernaean hydra closely misses you.
The 27-headed Lernaean hydra bites you!
You die...

≈ , *
♣♣........≈..≈...≈≈♣♣
, *
♣≈≈≈......#.[≈≈..≈§..
≈
≈♣♣≈.....†.≈.≈≈.≈≈.≈.
≈
♣♣♣..♣♣♣.♣..≈≈≈<≈§≈≈
*≈ ≈ ≈ ≈
♣....♣♣♣♣≈≈#≈≈≈.♣♣§.
≈≈ ≈
♣.#....♣*♣§≈≈≈...♣♣♣(
* ≈ ♣.
#..≈#.♣♣♣...♣♣♣♣≈†. *
* ♣ ##42#≈♣*♣♣.♣♣
♣<≈≈ * * ##@## . ♣♣≈≈
♣.≈≈ * * * #†DD##≈♣ *
≈. ♣..≈≈ ** ≈ ≈
*#≈.§≈#*♣* .≈♣.≈≈≈ *
≈ ≈ ≈ #≈≈..≈# ≈ ♣≈≈≈≈
* ≈ #≈≈§≈≈#* *≈
*♣♣♣$≈ , ≈≈#≈#≈§≈≈≈#
* *♣♣♣ * * ,
#≈≈≈§≈≈≈≈# * ≈ ≈
.§......≈## ,
≈D≈≈≈#≈.#≈# ,


You could see the 27-headed Lernaean hydra, a ten-headed hydra, a friendly
balrug and a friendly orange demon.

Vanquished Creatures
  Saint Roka (Orc:2)
  Nikola (Swamp:3)
  Rupert (D:12)
  The ghost of Amnesiac the Evocator, an adept SpAr of Gozag (Swamp:3)
  2 thorn hunters
  Gastronok (D:10)
  Kirke (Lair:6)
  Donald (Swamp:2)
  A dire elephant (Lair:6)
  A red draconian (Volcano)
  A great orb of eyes (D:15)
  A catoblepas (Lair:6)
  17 hydras
  6 centaur warriors
  A ghost crab (Swamp:3)
  Erica (D:8)
  2 death knights
  3 alligators
  10 two-headed ogres
  An ogre mage (D:15)
  6 death yaks
  2 orc high priests
  A deep elf knight (Bailey)
  A salamander mystic (Volcano)
  2 unseen horrors (D:13)
  11 swamp dragons
  A swamp dragon (shapeshifter) (D:13)
  2 spriggan druids
  A harpy (shapeshifter) (D:15)
  2 lindwurms (Lair:6)
  2 shambling mangroves
  A wizard (D:15)
  A necromancer (D:14)
  A wolf spider (Lair:6)
  3 orc knights
  14 ugly things
  4 salamanders (Volcano)
  A manticore (Lair:6)
  20 elephants
  2 guardian serpents (D:14)
  4 orc sorcerers
  9 deep elf magi
  6 black mambas
  3 ice statues (IceCv)
  A gargoyle (D:10)
  2 molten gargoyles (Volcano)
  13 spiny frogs
  3 centaur skeletons
  2 rime drakes
  2 komodo dragons
  A freezing wraith (D:14)
  A jumping spider (Lair:3)
  9 trolls
  7 tyrant leeches
  8 bog bodies
  23 slime creatures
  12 hornets
  6 dream sheep (Lair:6)
  7 hippogriffs
  A shadow (Swamp:3)
  6 spriggans
  2 redbacks (Lair:3)
  5 wyverns
  A vampire (D:14)
  25 yaks
  4 wraiths
  A fire bat (Volcano)
  4 hogs (Lair:6)
  3 vampire mosquitoes (Swamp:3)
  4 hungry ghosts
  4 basilisks
  Edmund (D:5)
  3 wargs
  Menkaure (D:7)
  6 swamp worms
  18 insubstantial wisps
  9 water moccasins
  Duvessa (D:7)
  7 porcupines
  18 ice beasts
  35 orc warriors
  4 swamp drakes
  A phantom (D:11)
  2 sky beasts
  5 black bears
  An eye of draining (D:15)
  A hornet zombie (D:10)
  A necrophage (D:8)
  A tengu (D:8)
  11 ogres
  17 wolves
  8 centaurs
  7 crocodiles
  2 big kobolds (D:11)
  8 bullfrogs
  A water moccasin zombie (D:7)
  Dowan (D:7)
  A scorpion (D:13)
  6 killer bees (D:10)
  A howler monkey (D:12)
  3 electric eels
  24 wights
  9 crimson imps
  7 lava snakes (Volcano)
  A quasit (D:12)
  3 centaur zombies
  8 hounds
  3 bullfrog skeletons
  A jelly (D:8)
  19 orc priests
  19 orc wizards
  An iguana (D:9)
  Ijyb (D:5)
  10 worker ants
  8 gnolls
  7 adders
  4 shadow imps
  3 adder zombies
  An adder skeleton (D:9)
  A worm (D:2)
  A dart slug (D:5)
  A leopard gecko (D:3)
  72 orcs
  A ball python (D:2)
  7 bats
  7 jackals
  17 kobolds
  A quokka (D:4)
  5 frilled lizards
  8 goblins
  A leopard gecko zombie (D:6)
  5 rats
  5 briar patches (Swamp:1)
  5 fungi
  2 plants (Lair:4)
  2 toadstools (Swamp:1)
762 creatures vanquished.

Vanquished Creatures (collateral kills)
  A hydra (Swamp:4)
  2 death yaks (Lair:6)
  An alligator (Swamp:3)
  A swamp dragon (Swamp:3)
  An orc knight (Orc:2)
  A phantasmal warrior (D:12)
  A manticore (Lair:6)
  A spiny frog (Lair:6)
  A rime drake (Lair:6)
  A freezing wraith (D:14)
  A spriggan (Swamp:3)
  A wraith (D:12)
  A warg (Orc:2)
  An orc warrior (Orc:2)
  A centaur (D:14)
  An ogre (Orc:1)
  A wight (D:12)
  An orc priest (Orc:2)
  2 orc wizards
  3 orcs (Orc:2)
  A goblin (Orc:1)
25 creatures vanquished.

Vanquished Creatures (others)
  A phantasmal warrior (D:14)
  An ice beast (D:10)
  A wolf (D:10)
  3 briar patches
  5 fungi
  9 plants
  9 toadstools (Swamp:1)
29 creatures vanquished.

Grand Total: 816 creatures vanquished

Notes
Turn   | Place    | Note
-------+----------+-------------------------------------------
     0 | D:1      | dududu the Deep Dwarf Fighter began the quest for the Orb.
     0 | D:1      | Reached XP level 1. HP: 20/20 MP: 1/1
   141 | D:2      | Reached XP level 2. HP: 24/27 MP: 2/2
   309 | D:3      | Reached XP level 3. HP: 14/34 MP: 3/3
   390 | D:4      | Reached skill level 3 in Axes
   396 | D:4      | Gained mutation: You have sharp toenails. [potion of mutation]
   396 | D:4      | Gained mutation: Your mind is acute. (Int +2) [potion of mutation]
   615 | D:2      | Found a shadowy altar of Dithmenos.
   715 | D:5      | Entered Level 5 of the Dungeon
   756 | D:5      | Reached XP level 4. HP: 12/42 MP: 4/4
   781 | D:5      | Noticed an ogre
   790 | D:5      | Killed an ogre
   790 | D:5      | Reached skill level 4 in Axes
   790 | D:5      | Reached XP level 5. HP: 16/49 MP: 5/5
   810 | D:5      | Noticed Ijyb
   816 | D:5      | Killed Ijyb
   816 | D:5      | Reached XP level 6. HP: 17/57 MP: 6/6
   826 | D:5      | Noticed Edmund
   844 | D:5      | Killed Edmund
   844 | D:5      | Reached skill level 5 in Axes
   892 | D:5      | Found a staircase to the Ecumenical Temple.
   896 | Temple   | Entered the Ecumenical Temple
   935 | Temple   | Became a worshipper of Makhleb the Destroyer
   998 | D:5      | Noticed a water moccasin
  1015 | D:5      | Killed a water moccasin
  1015 | D:5      | Reached skill level 5 in Shields
  1015 | D:5      | Reached XP level 7. HP: 9/64 MP: 7/7
  1113 | D:5      | Reached skill level 5 in Armour
  1137 | D:5      | Got a crude chain mail
  1138 | D:5      | Identified the +3 chain mail of Dice, Bag, and Bottle {+Blink Str+3 Int+2 Dex+4} (You found it on level 5 of the Dungeon)
  1257 | D:6      | Reached skill level 6 in Axes
  1342 | D:6      | Found a white marble altar of Elyvilon.
  1517 | D:7      | Reached XP level 8. HP: 21/73 MP: 8/8
  1543 | D:7      | Noticed Duvessa
  1557 | D:7      | Killed Duvessa
  1557 | D:7      | Reached skill level 7 in Axes
  1564 | D:7      | Noticed Dowan
  1581 | D:7      | Killed Dowan
  1628 | D:7      | Reached skill level 5 in Fighting
  1734 | D:7      | Found a glowing silver altar of Zin.
  1734 | D:7      | Noticed Menkaure
  1740 | D:7      | Killed Menkaure
  1740 | D:7      | Reached skill level 8 in Axes
  1841 | D:7      | Reached * piety under Makhleb
  1898 | D:6      | Found a runed door.
  1924 | D:6      | Gained mutation: You passively map the area around you. [Deep Dwarf growth]
  1924 | D:6      | Reached XP level 9. HP: 26/82 MP: 9/9
  1925 | D:6      | Reached skill level 9 in Axes
  1945 | D:6      | Reached ** piety under Makhleb
  1946 | D:6      | Found a roughly hewn altar of Beogh.
  2175 | D:8      | Found a hazy altar of Hepliaklqana.
  2222 | D:8      | Noticed Psyche
  2222 | D:8      | Noticed Erica
  2223 | D:8      | Noticed Psyche
  2223 | D:8      | Psyche changed into Psyche the tengu
  2229 | D:8      | Killed Psyche the tengu
  2229 | D:8      | Reached skill level 1 in Invocations
  2231 | D:8      | Killed Erica
  2254 | D:8      | Found a shattered altar of Ashenzari.
  2377 | D:8      | Found a sparkling altar of Nemelex Xobeh.
  2428 | D:8      | Noticed a two-headed ogre
  2433 | D:8      | Killed a two-headed ogre
  2433 | D:8      | Reached skill level 10 in Axes
  2433 | D:8      | Reached skill level 5 in Invocations
  2464 | D:8      | Found a shimmering altar of Xom.
  2468 | D:8      | Reached XP level 10. HP: 36/92 MP: 13/13
  3205 | D:10     | Entered Level 10 of the Dungeon
  3293 | D:10     | Reached skill level 11 in Axes
  3301 | D:10     | Reached *** piety under Makhleb
  3329 | D:10     | Found a staircase to the Lair.
  3363 | D:10     | Noticed a gargoyle
  3372 | D:10     | Killed a gargoyle
  3540 | D:10     | Noticed Gastronok
  3548 | D:10     | Killed Gastronok
  3548 | D:10     | Reached skill level 12 in Axes
  3548 | D:10     | Reached XP level 11. HP: 87/103 MP: 12/12
  3623 | D:11     | Noticed an eight-headed hydra
  3630 | D:11     | Killed a five-headed hydra
  3663 | D:11     | Reached **** piety under Makhleb
  3689 | D:11     | Noticed a two-headed ogre
  3695 | D:11     | Killed a two-headed ogre
  3731 | D:11     | Noticed a purple ugly thing
  3739 | D:11     | Killed a purple ugly thing
  3739 | D:11     | Reached skill level 13 in Axes
  3739 | D:11     | Reached skill level 10 in Armour
  3768 | D:11     | Found a shadowy altar of Dithmenos.
  3858 | D:11     | Found a staircase to the Orcish Mines.
  3989 | D:12     | Noticed a two-headed ogre
  3996 | D:12     | Killed a two-headed ogre
  4101 | D:12     | Reached ***** piety under Makhleb
  4121 | D:12     | Reached skill level 14 in Axes
  4142 | D:12     | Reached XP level 12. HP: 114/114 MP: 13/13
  4216 | D:12     | Noticed Rupert
  4225 | D:12     | Killed Rupert
  4227 | D:12     | Noticed a death knight
  4236 | D:12     | Killed a death knight
  4258 | D:12     | Found Ilent's Armour Shop.
  4413 | D:13     | Reached skill level 15 in Axes
  4522 | D:13     | Reached skill level 10 in Fighting
  4639 | D:13     | Noticed a centaur warrior
  4648 | D:13     | Killed a centaur warrior
  4802 | D:13     | Reached XP level 13. HP: 124/124 MP: 14/14
  5006 | D:14     | Found an opulent altar of Gozag.
  5014 | D:14     | Reached skill level 16 in Axes
  5463 | D:14     | Found a gate to the Vaults.
  5488 | D:15     | Entered Level 15 of the Dungeon
  5604 | D:15     | Found a staircase to the Depths.
  5817 | D:15     | Reached skill level 17 in Axes
  5867 | D:15     | Gained mutation: You resist negative energy. (rN+) [Deep Dwarf growth]
  5867 | D:15     | Reached XP level 14. HP: 132/135 MP: 17/17
  5956 | D:15     | Got a faintly humming ring mail
  5960 | D:15     | Identified the +3 ring mail "Duidop" {MR+ Int+4 Stlth+} (You found it on level 15 of the Dungeon)
  6362 | Orc:1    | Entered Level 1 of the Orcish Mines
  6410 | Orc:1    | Reached ****** piety under Makhleb
  6436 | Orc:1    | Found a flagged portal.
  6441 | Bailey   | Entered a bailey
  6495 | Bailey   | Reached skill level 10 in Invocations
  6756 | Orc:2    | Entered Level 2 of the Orcish Mines
  6787 | Orc:2    | Found Tutadurgh's Food Shop.
  6872 | Orc:2    | Noticed Saint Roka
  6898 | Orc:2    | Killed Saint Roka
  6915 | Orc:2    | Found a roughly hewn altar of Beogh.
  6936 | Orc:2    | Found Hubul's General Store.
  6939 | Orc:2    | Found Dishraste's Antique Weapon Boutique.
  6943 | Orc:2    | Found Niurgh's Antique Armour Boutique.
  6945 | Orc:2    | Found a staircase to the Elven Halls.
  6951 | Orc:2    | Found Ponus's Book Boutique.
  7318 | Orc:2    | Found a roughly hewn altar of Beogh.
  7419 | Orc:2    | Found Jeppoiz's Distillery.
  7424 | Orc:2    | Bought 2 potions of agility for 104 gold pieces
  7424 | Orc:2    | Bought a potion of might for 52 gold pieces
  7424 | Orc:2    | Bought a potion of mutation for 104 gold pieces
  7424 | Orc:2    | Bought a potion of mutation for 104 gold pieces
  7461 | Orc:2    | Bought a pair of glowing gloves for 255 gold pieces
  7756 | Lair:1   | Entered Level 1 of the Lair of Beasts
  7955 | Lair:2   | Found a staircase to the Swamp.
  7993 | Lair:2   | Found a dark tunnel.
  7998 | Volcano  | Entered a volcano
  8229 | Volcano  | Found a radiant altar of Vehumet.
  8308 | Volcano  | Reached skill level 18 in Axes
  8425 | Lair:3   | Found a hole to the Spider Nest.
  8574 | Lair:3   | Reached XP level 15. HP: 144/144 MP: 19/19
  8599 | Lair:4   | Found a frozen archway.
  8634 | IceCv    | Entered an ice cave
  8649 | IceCv    | Reached XP level 16. HP: 152/152 MP: 20/20
  8692 | IceCv    | Got a distressingly furry scale mail
  8693 | IceCv    | Identified the +0 scale mail of Wionij {rC- Str+4 SInv} (You found it in an ice cave)
  8762 | IceCv    | Identified the +1 ice dragon scales of Emove {-Tele rF- rC++ rCorr Dex+9 Stlth+} (You found it in an ice cave)
  9082 | Lair:5   | Got a smoking golden amulet
  9083 | Lair:5   | Identified the amulet "Mitouron" {Regen+ Str+3} (You found it on level 5 of the Lair of Beasts)
  9201 | Lair:6   | Entered Level 6 of the Lair of Beasts
  9273 | Lair:5   | Found a staircase to the Slime Pits.
  9379 | Lair:6   | Identified a scroll of acquirement
  9398 | Lair:6   | Got a slimy cloak
  9831 | Lair:6   | Identified the +1 cloak of the Valley of Death {Str+3} (You acquired it on level 6 of the Lair of Beasts)
  9906 | Lair:6   | Noticed Kirke
  9918 | Lair:6   | Killed Kirke
 10578 | Swamp:1  | Entered Level 1 of the Swamp
 10603 | Swamp:1  | Noticed a thorn hunter
 10616 | Swamp:1  | Killed a thorn hunter
 10647 | Swamp:1  | Found a blossoming altar of Fedhas.
 10844 | Swamp:1  | Reached skill level 15 in Shields
 10871 | Swamp:2  | Reached skill level 1 in Evocations
 10878 | Swamp:2  | Reached skill level 1 in Dodging
 10922 | Swamp:2  | Noticed a thorn hunter
 10947 | Swamp:2  | Killed a thorn hunter
 11006 | Swamp:3  | Noticed Nikola
 11017 | Swamp:3  | Killed Nikola
 11017 | Swamp:3  | Reached XP level 17. HP: 162/162 MP: 23/23
 11088 | Swamp:3  | Noticed Amnesiac's ghost (adept SpAr)
 11105 | Swamp:3  | Killed Amnesiac's ghost
 11156 | Swamp:3  | Upgraded the game from 0.22-a0-247-gbddf880 to 0.22-a0-248-gc8378ba
 11205 | Swamp:3  | Reached skill level 15 in Armour
 11229 | Swamp:3  | Reached skill level 5 in Evocations
 11273 | Swamp:2  | Noticed Donald
 11275 | Swamp:2  | Paralysed by a Zot trap for 4 turns
 11298 | Swamp:2  | Killed Donald
 11399 | Swamp:4  | Entered Level 4 of the Swamp
 11562 | Swamp:4  | Reached skill level 5 in Dodging
 11589 | Swamp:4  | Noticed the 27-headed Lernaean hydra
 11608 | Swamp:4  | HP: 5/164 [the 27-headed Lernaean hydra (6)]
 11608 | Swamp:4  | Slain by the 27-headed Lernaean hydra

Vault maps used:
D:1:      dpeg_arrival_central
D:2:      lemuel_crystal_altar, nicolae_overflow_hidden_temple
D:3:      minmay_cut_off
D:4:      first_ration
D:5:      minmay_temple_entry_glassed_door, water_boxes_lemuel, uniq_ijyb,
          uniq_edmund
D:6:      nicolae_overflow_crystal_walls, lightli_church_of_beogh
D:7:      basic_altar, minmay_misc_feat_ornament, uniq_menkaure, uniq_duvessa
D:8:      old_standard_altar, ashenzari_altar_1,
          nemelex_xobeh_ov_fountains_minmay, lemuel_round_altar, uniq_psyche,
          uniq_erica
D:9:      serial_co_window_serial, co_window_of_opportunity_a,
          co_window_paths_a, co_window_paths_b, co_window_corner_a,
          co_window_paths_a, co_window_paths_a, co_window_broadway_a,
          co_window_broadway_b, co_window_unsneaky_path_a, co_window_corner_b,
          co_window_paths_e, glass_columns_b, glass_columns_b, glass_columns_a,
          kennysheep_generic_room_13
D:10:     erik_lair_island, uniq_gastronok
D:11:     david_orc_2, lemuel_statue_altar, uniq_snorg
D:12:     serial_shops, kennysheep_mini_moat, uniq_rupert
D:14:     nrook_guardian_serpent_snake_passage, david_vaults_1,
          nicolae_gozag_seed_capital
D:15:     grunt_enter_depths_magical_seal, minivault_14
Temple:   regret_index_temple_waves
Lair:1:   serial_bayou_shore_b
Lair:2:   beast_lair_carwin_large_2, swamp_mist_pool,
          nicolae_volcano_entry_s_turn
Lair:3:   spider_nest_entry_a
Lair:4:   portal_ice_cave_entry_ice_beasts
Lair:5:   slime_dummy, nicolae_quartered_pool_medium, beast_lair_carwin_2
Lair:6:   hangedman_lair_in_review, uniq_kirke
Swamp:1:  cheibrodos_swamp_tower_of_moss, basic_altar
Swamp:2:  hangedman_swamp_pad, uniq_donald
Swamp:3:  evilmike_swamp_ruin_house_1, uniq_nikola
Swamp:4:  swamp_old_school, swamp_pool1
Orc:1:    enter_bailey_3
Orc:2:    grunt_orc_cross, serial_shops, shop, shop, statue_in_the_mist_lemuel,
          nicolae_orc_bridge_out, minmay_orc_temple_a
Bailey:   bailey_polearm_3, bailey
IceCv:    ice_cave_statue_garden_chambered
Volcano:  volcano_lake

Skill      XL: |  1  2  3  4  5  6  7  8  9 10 11 12 13 14 15 16 17 |
---------------+----------------------------------------------------+-----
Fighting       | 3 4 5 6 8 9 10 11 12 13 | 13.2
Axes           | 3 4 5 6 8 10 12 14 15 17 18 | 18.0
Shields        | 4 5 11 15 | 15.0
Armour         | 4 5 6 7 9 10 12 13 14 15 | 15.3
Invocations    | 5 8 11 14 | 14.0
Evocations     | 3 6 |  6.7
Dodging        | 2 5 |  5.5

Action                   |  1- 3 |  4- 6 |  7- 9 | 10-12 | 13-15 | 16-18 || total
-------------------------+-------+-------+-------+-------+-------+-------++-------
Melee: War axe           |   120 |    50 |    15 |       |       |       ||   185
       Kick              |     6 |    16 |    49 |   139 |   181 |       ||   391
       Battleaxe         |       |       |   145 |   346 |   349 |       ||   840
       Unarmed           |       |       |     4 |       |       |       ||     4
       Broad axe         |       |       |       |       |   132 |   654 ||   786
Invok: Minor Destruction |       |       |       |     1 |       |       ||     1
       Lesser Servant of |       |       |       |     1 |     8 |    10 ||    19
       Greater Servant o |       |       |       |       |       |     2 ||     2
 Abil: Heal Wounds       |       |     2 |     7 |     4 |     7 |     6 ||    26
Evoke: Wand              |       |       |     6 |     1 |     2 |     2 ||    11
       Lamp of fire      |       |       |       |       |       |     1 ||     1
  Use: Scroll            |     7 |       |     8 |     6 |    11 |    12 ||    44
       Potion            |     2 |     1 |     1 |       |     4 |     6 ||    14
 Stab: Confused          |       |       |       |     1 |       |       ||     1
       Distracted        |       |       |       |       |       |     2 ||     2
  Eat: Chunk             |       |     1 |     5 |     7 |    13 |    10 ||    36
       Ration            |       |       |       |       |     1 |       ||     1
Armor: Scale mail        |    61 |     7 |       |       |       |       ||    68
       Ring mail         |       |     8 |     1 |       |       |       ||     9
       Chain mail        |       |       |   129 |   213 |   229 |   226 ||   797
       Skin              |       |       |     1 |       |       |       ||     1
       Swamp dragon scal |       |       |       |       |       |   144 ||   144
       Plate armour      |       |       |       |       |       |     3 ||     3
Dodge: Dodged            |    39 |    13 |    79 |   135 |   148 |   290 ||   704
Block: Shield            |    65 |    24 |     7 |       |    74 |   449 ||   619

Table legend:
 A = Spawn XP
 B = Non-spawn XP
 C = Spawn XP percentage of total XP
 D = Spawn monster count
 E = Non-spawn monster count
 F = Spawn count percentage of total count
 G = Total turns spent on level
                    A         B        C        D         E        F      G
               +---------+---------+-------+---------+---------+-------+---------
         Total |       0 |  201974 |   0.0 |       0 |     774 |   0.0 | 11608
               +---------+---------+-------+---------+---------+-------+---------
           D:1 |       0 |       6 |   0.0 |       0 |       4 |   0.0 |    70
           D:2 |       0 |      32 |   0.0 |       0 |      12 |   0.0 |   226
           D:3 |       0 |      24 |   0.0 |       0 |      15 |   0.0 |   281
           D:4 |       0 |      29 |   0.0 |       0 |       4 |   0.0 |   138
           D:5 |       0 |     953 |   0.0 |       0 |      13 |   0.0 |   456
           D:6 |       0 |     933 |   0.0 |       0 |      44 |   0.0 |   415
           D:7 |       0 |    1249 |   0.0 |       0 |      20 |   0.0 |   520
           D:8 |       0 |    2555 |   0.0 |       0 |      12 |   0.0 |   344
           D:9 |       0 |     459 |   0.0 |       0 |      17 |   0.0 |   682
          D:10 |       0 |    5197 |   0.0 |       0 |      37 |   0.0 |   423
          D:11 |       0 |    5060 |   0.0 |       0 |      43 |   0.0 |   458
          D:12 |       0 |   12723 |   0.0 |       0 |      50 |   0.0 |   415
          D:13 |       0 |   10028 |   0.0 |       0 |      38 |   0.0 |   512
          D:14 |       0 |   11541 |   0.0 |       0 |      32 |   0.0 |   619
          D:15 |       0 |   18087 |   0.0 |       0 |      39 |   0.0 |   803
        Lair:1 |       0 |    1953 |   0.0 |       0 |       9 |   0.0 |    99
        Lair:2 |       0 |    2198 |   0.0 |       0 |      15 |   0.0 |   556
        Lair:3 |       0 |    4238 |   0.0 |       0 |      17 |   0.0 |   208
        Lair:4 |       0 |    8608 |   0.0 |       0 |      31 |   0.0 |   381
        Lair:5 |       0 |   10769 |   0.0 |       0 |      20 |   0.0 |   243
        Lair:6 |       0 |   23624 |   0.0 |       0 |      54 |   0.0 |   791
       Swamp:1 |       0 |    6463 |   0.0 |       0 |      10 |   0.0 |   277
       Swamp:2 |       0 |   11237 |   0.0 |       0 |      23 |   0.0 |   269
       Swamp:3 |       0 |   18111 |   0.0 |       0 |      42 |   0.0 |   314
       Swamp:4 |       0 |   16516 |   0.0 |       0 |      31 |   0.0 |   170
         Orc:1 |       0 |    3544 |   0.0 |       0 |      31 |   0.0 |   354
         Orc:2 |       0 |   12254 |   0.0 |       0 |      76 |   0.0 |   826
        Bailey |       0 |    4878 |   0.0 |       0 |       8 |   0.0 |   141
         IceCv |       0 |    3237 |   0.0 |       0 |      11 |   0.0 |   162
       Volcano |       0 |    5468 |   0.0 |       0 |      16 |   0.0 |   382
               +---------+---------+-------+---------+---------+-------+---------
